AoeStats
← Wes

Pilgrims

509639620Analyzed
4v4 RM · 4d ago on Sep 27, 2026· 74m 28s· 8 players
Game mode
Random Map
Map size
Large (8 player)
Population
200
Speed
Normal
Resources
Standard
Victory
Conquest
Starting age
Dark Age
Ending age
Imperial Age
RankedLock teamsTeams togetherTeam positionsShared explorationLock speedFull tech treeHidden civsTurbo modeCheats
Victory
Defeat
🇭🇰 Bulgarians · Hong Kong SAR China
1387
+16
🇭🇰 Spanish · Hong Kong SAR China
1378
+17
🇭🇰 Varangians · Hong Kong SAR China
1372
+17
🇷🇺 Aztecs · Russia
1251
+22
🇹🇼 Bulgarians · Taiwan
1421
-19
🇹🇼 Varangians · Taiwan
1405
-19
🇦🇷 Lithuanians · Argentina
1375
-17
🇮🇳 Dravidians · India
1362
-17
ReBeL_persi
3:23 Loom
11:37 Feudal Age
14:40 Fletching
17:38 Castle Age
20:31 Double-Bit Axe
27:01 Town Watch
28:34 Horse Collar
29:16 Bow Saw
30:57 Scale Barding Armor
31:03 Forging
36:09 Imperial Age
34:01 Gold Mining
34:34 Bloodlines
37:16 Chain Barding Armor
37:31 Iron Casting
36:50 Fishing Lines
38:43 Plate Barding Armor
43:50 Conscription
45:03 Medium Warships
51:10 Wheelbarrow
54:29 Bodkin Arrow
55:36 Two-Man Saw
54:55 Elite Skirmisher
55:36 Bracer
56:01 Padded Archer Armor
58:15 Chemistry
57:46 Light Cavalry
60:00 Ballistics
62:39 Winged Hussar
65:21 Husbandry
65:41 Pikeman
66:21 Squires
68:33 Scale Mail Armor
70:14 Gillnets
72:09 Heavy Warships
Astor
12:17 Feudal Age
11:14 Loom
17:16 Castle Age
15:32 Fletching
15:43 Double-Bit Axe
16:40 Scale Mail Armor
16:54 Forging
19:15 Chain Mail Armor
19:41 Bodkin Arrow
22:28 Wheelbarrow
22:07 Bow Saw
22:59 Iron Casting
24:49 Horse Collar
26:22 Heavy Plow
26:25 Gambesons
27:17 Stone Mining
27:18 Gold Mining
27:58 Squires
27:43 Arson
35:52 Imperial Age
34:00 Town Watch
36:52 Stone Shaft Mining
36:53 Gold Shaft Mining
35:59 Capped Ram
37:59 Siege Ram
38:44 Town Patrol
39:23 Crop Rotation
39:41 Hand Cart
40:56 Conscription
42:33 Blast Furnace
42:04 Plate Mail Armor
46:45 Scale Barding Armor
46:50 Bagains
46:46 Stirrups
52:42 Pikeman
55:22 Elite Skirmisher
57:42 Chain Barding Armor
57:23 Bracer
57:12 Halberdier
57:23 Halberdier
58:59 Husbandry
58:20 Light Cavalry
59:11 Bloodlines
60:30 Chemistry
59:51 Ballistics
59:42 Masonry
Vis
5:01 Loom
10:55 Feudal Age
12:14 Fishing Lines
14:40 Castle Age
13:18 Double-Bit Axe
14:12 Gold Mining
15:03 Bloodlines
14:59 Scale Barding Armor
15:05 Forging
15:16 Gillnets
15:46 Bow Saw
17:27 Horse Collar
18:39 Chain Barding Armor
21:40 Town Watch
23:26 Wheelbarrow
23:09 Stone Mining
23:58 Heavy Plow
28:14 Hand Cart
33:03 Imperial Age
30:35 Vendel Legacy
34:20 Iron Casting
33:32 Cavalier
34:13 Husbandry
34:46 Conscription
36:14 Plate Barding Armor
36:39 Blast Furnace
36:26 Fletching
36:36 Padded Archer Armor
39:30 Two-Man Saw
39:04 Crop Rotation
39:36 Coinage
41:17 Banking
43:31 Pikeman
44:11 Squires
43:56 Arson
44:12 Scale Mail Armor
45:29 Elite Varangian Guard
46:26 Chain Mail Armor
46:12 Treadmill Crane
46:44 Masonry
46:39 Siege Engineers
47:42 Halberdier
50:29 Plate Mail Armor
53:05 Stone Shaft Mining
53:26 Guilds
54:28 Town Patrol
64:34 Bodkin Arrow
65:50 Bracer
69:20 Caravan
69:39 Elite Skirmisher
70:20 Padded Archer Armor
70:44 Ballistics
70:55 Architecture
70:35 Fortified Wall
71:37 Leather Archer Armor
72:55 Gothikon
73:06 Elite Jarl
Vu_PY
5:28 Loom
11:26 Feudal Age
15:43 Castle Age
13:45 Double-Bit Axe
14:09 Stone Mining
14:03 Fishing Lines
15:38 Fletching
18:36 Wheelbarrow
19:16 Bow Saw
18:58 Gillnets
19:59 Horse Collar
21:07 Bodkin Arrow
28:39 Gold Mining
29:53 Hand Cart
35:08 Imperial Age
33:13 Padded Archer Armor
34:19 Leather Archer Armor
34:30 Elite Skirmisher
35:17 Thumb Ring
37:23 Town Watch
48:19 Heavy Plow
59:34 Bracer
60:05 Ring Archer Armor
63:53 Chemistry
65:50 Town Patrol
69:13 Ballistics
69:56 Caravan
kitty仔
6:11 Loom
11:04 Feudal Age
13:29 Double-Bit Axe
17:07 Castle Age
16:09 Gold Mining
17:02 Horse Collar
22:44 Wheelbarrow
24:08 Hand Cart
28:43 Padded Archer Armor
28:34 Fletching
36:25 Imperial Age
36:04 Leather Archer Armor
35:44 Bodkin Arrow
37:30 Conscription
36:33 Pikeman
37:14 Squires
36:59 Gambesons
36:59 Arson
37:18 Scale Mail Armor
38:36 Chain Mail Armor
38:32 Forging
38:40 Halberdier
41:44 Supremacy
42:40 Ballistics
42:36 Heavy Plow
44:46 Plate Mail Armor
44:53 Iron Casting
45:16 Murder Holes
46:22 Chemistry
55:43 Blast Furnace
55:23 Ring Archer Armor
57:03 Bracer
57:34 Bow Saw
59:08 Coinage
58:50 Guilds
59:22 Medium Warships
59:24 Scale Barding Armor
60:27 Banking
60:31 Arrowslits
61:53 Chain Barding Armor
61:46 Bloodlines
60:57 Light Cavalry
61:37 Husbandry
61:03 Elite Skirmisher
62:49 Thumb Ring
62:46 Husbandry
64:58 Hussar
66:55 Plate Barding Armor
68:09 Capped Ram
71:08 Masonry
72:18 Two-Man Saw
74:11 Siege Ram
Stanleyip29
3:05 Loom
11:16 Feudal Age
12:13 Double-Bit Axe
14:53 Castle Age
14:47 Gold Mining
16:36 Fletching
17:12 Horse Collar
18:51 Bow Saw
22:12 Bodkin Arrow
24:51 Wheelbarrow
26:12 Bloodlines
26:14 Forging
27:04 Ballistics
27:12 Heavy Plow
31:06 Imperial Age
28:53 Hand Cart
29:01 Husbandry
29:08 Scale Barding Armor
29:10 Stone Mining
29:56 Gold Shaft Mining
29:38 Town Watch
29:27 Pikeman
30:08 Squires
29:55 Gambesons
29:55 Arson
31:24 Iron Casting
30:49 Scale Mail Armor
32:50 Chain Mail Armor
33:58 Blast Furnace
34:37 Plate Mail Armor
34:53 Bracer
34:44 Halberdier
37:22 Crop Rotation
37:28 Stone Shaft Mining
39:35 Coinage
39:15 Town Patrol
41:29 Banking
42:31 Onager
44:22 Chemistry
43:41 Masonry
55:39 Conscription
59:06 Bagains
61:51 Architecture
69:49 Caravan
肥豬王
11:45 Loom
14:18 Feudal Age
20:09 Castle Age
22:41 Squires
22:05 Pikeman
28:54 Squires
35:54 Wheelbarrow
39:52 Horse Collar
49:26 Imperial Age
47:25 Scale Mail Armor
50:42 Forging
51:06 Chain Mail Armor
52:56 Iron Casting
55:12 Heavy Plow
58:03 Hand Cart
63:07 Plate Mail Armor
62:29 Double-Bit Axe
66:43 Gambesons
66:39 Man-at-Arms
68:52 Eagle Warrior
70:54 Blast Furnace
69:47 Elite Eagle Warrior
70:57 Caravan
71:23 Bow Saw
Wes
3:27 Loom
11:50 Feudal Age
14:00 Fletching
22:28 Castle Age
21:14 Double-Bit Axe
21:10 Horse Collar
24:04 Bow Saw
33:14 Scale Barding Armor
33:59 Herbal Medicine
35:07 Wheelbarrow
34:45 Heavy Plow
35:08 Forging
35:06 Town Watch
35:36 Husbandry
35:36 Gold Mining
37:40 Stone Mining
38:40 Hand Cart
42:05 Imperial Age
40:10 Fishing Lines
42:02 Chain Barding Armor
42:18 Iron Casting
41:58 Bodkin Arrow
43:09 Conscription
42:09 Elite Jarl
43:52 Two-Man Saw
44:01 Plate Barding Armor
44:27 Blast Furnace
44:06 Gillnets
45:04 Bloodlines
46:55 Town Patrol
50:35 Blast Furnace
49:37 Squires
49:23 Arson
56:58 Pikeman
57:23 Gambesons
57:39 Scale Mail Armor
57:40 Bracer
62:24 Fortified Wall
65:59 Crop Rotation
66:36 Masonry
66:47 Ballistics
67:27 Chemistry
66:33 Siege Engineers
67:49 Light Cavalry
67:51 Cavalier
70:08 Architecture
70:45 Treadmill Crane
71:24 Chain Mail Armor
71:10 Padded Archer Armor
71:28 Murder Holes
71:41 Elite Varangian Guard
72:50 Hussar
Connection lost

Rejoining the realm…

Still unreachable

The connection could not be restored.

Session expired

The server has moved on; the page needs a fresh start.